 Dungeon Crawl Stone Soup version 0.30-a0-639-g3916f1956a (webtiles) character file.

Game seed: 9051566577127680728

688 browni3141 the Sneak (level 7, -11/39 (44) HPs)
             Began as a Kobold Brigand on Jan 15, 2023.
             Was an Initiate of Wu Jian.
             Mangled by Duvessa
             ... wielding a +2 short sword of draining
              (18 damage)
             ... on level 5 of the Dungeon.
             The game lasted 00:07:58 (4324 turns).

browni3141 the Sneak (Kobold Brigand)               Turns: 4324, Time: 00:07:59

HP:   -11/39 (44)   AC:  3    Str:  8    XL:     7   Next: 94%
MP:   6/10          EV: 15    Int: 13    God:    Wu Jian [......]
Gold: 189           SH:  0    Dex: 18    Spells: 6/10 levels left

rFire   . . .      SeeInvis .    a - +2 dagger
rCold   + . .      Faith    .    (no shield)
rNeg    . . .      Spirit   .    b - +0 robe
rPois   .          Reflect  .    (no helmet)
rElec   .          Harm     .    c - +0 cloak
rCorr   .          Rampage  .    (no gloves)
Will    .....                    (no boots)
Stlth   +++++                    (no amulet)
HPRegen 0.26/turn                l - ring of protection from cold
MPRegen 0.12/turn                (no ring)

@: confusing by touch, heavily drained
A: small, no large weapons, nightstalker 3
a: Renounce Religion


You were on level 5 of the Dungeon.
You worshipped Wu Jian.
Wu Jian was noncommittal.
You visited 1 branch of the dungeon, and saw 5 of its levels.

You collected 189 gold pieces.

Inventory:

Hand Weapons
 a - a +2 dagger (weapon)
Missiles
 d - 11 poisoned darts
 e - 3 curare-tipped darts
 x - a throwing net
Armour
 b - a +0 robe (worn)
 c - a +0 cloak (worn)
Jewellery
 l - a ring of protection from cold (left hand)
Scrolls
 h - 3 scrolls of teleportation
 j - a scroll of vulnerability
 k - a scroll of poison
 n - 2 scrolls of blinking
 o - a scroll of torment
 p - a scroll of amnesia {unknown}
 q - a scroll of silence {unknown}
 t - a scroll of fog {unknown}
 v - a scroll of noise {unknown}
Potions
 f - a potion of degeneration {unknown}
 g - 2 potions of flight
 i - a potion of mutation {unknown}
 m - a potion of heal wounds
 r - 2 potions of attraction {unknown}
 s - a potion of might {unknown}
 u - 2 potions of invisibility {unknown}
 w - a potion of curing {unknown}
 z - a potion of lignification {unknown}


   Skills:
 - Level 5.0 Fighting
 - Level 3.2 Short Blades
 - Level 2.6 Throwing
 - Level 2.1 Dodging
 * Level 6.5 Stealth
 - Level 2.0 Spellcasting
 * Level 5.2 Hexes


You had 6 spell levels left.
You knew the following spells:

 Your Spells              Type           Power      Damage    Failure   Level
a - Slow                  Hex            60%        N/A       3%          1
b - Confusing Touch       Hex            15%        N/A       9%          3

Your spell library contained the following spells:

 Spells                   Type           Power      Damage    Failure   Level
 Shock                    Conj/Air       4%         1d3       26%         1
 Gell's Gravitas          Tloc           1%         N/A       58%         3
 Swiftness                Air            1%         N/A       58%         3
 Teleport Other           Tloc           1%         N/A       58%         3
 Vampiric Draining        Necr           1%         2d6       58%         3
 Airstrike                Air            0%         2d(1-17)  94%         4
 Summon Lightning Spire   Summ/Air       1%         N/A       94%         4
 Lightning Bolt           Conj/Air       0%         1d11      100%        5
 Dispersal                Tloc           0%         N/A       100%        6


Dungeon Overview and Level Annotations

Branches:
Dungeon (5/15)
 Temple: D:4-7

Altars:
Wu Jian

Annotations:
D:4 exclusions: orc and 2 orc priests
D:5 Duvessa


Innate Abilities, Weirdness & Mutations

You are small and have problems with some larger weapons.
You are completely attuned to the shadows.


Message History

Dowan blinks!
You lunge at Dowan.
You closely miss Dowan. Dowan barely misses you.
You hit Dowan but do no damage. Dowan hits you with a +0 dagger.
You hit Dowan but do no damage.
Dowan appears confused.
You lunge at Dowan.
You catch the helpless Dowan completely off-guard!
You impale Dowan!!
You kill Dowan!
The Council accepts your kill.
You hear a distant scream of rage.
Things that are here:
a +0 dagger; a +1 robe
Press: ? - help, . - travel You can't see that place. [the floor.] Reduced exclusion size to a single square.
Removed exclusion.
You start resting.
Duvessa is nearby!
Duvessa shouts!
Duvessa goes berserk!
Really read the scroll of poison?
The air fills with toxic fumes!
As you read the scroll of poison, it crumbles to dust.
Duvessa is engulfed in poison gas.
Duvessa is poisoned.
Duvessa hits you with a +2 short sword of draining!
You feel drained.
Your hands begin to glow red.
Duvessa looks even sicker.
Duvessa hits you with a +2 short sword of draining!
You feel drained.
You hit Duvessa but do no damage.
Duvessa is lightly wounded.
Duvessa is engulfed in poison gas.
Duvessa looks even sicker.
Duvessa hits you with a +2 short sword of draining!
* * * LOW HITPOINT WARNING * * *
You feel drained.
* * * LOW HITPOINT WARNING * * *
Duvessa looks as sick as possible!
Duvessa hits you with a +2 short sword of draining!!
You die...

#...####.........####...##.#####
.......+.........'.....†.>#.....
....##.†..^......####...##.#####
##..####.#####......#..#####
##.####.........§§§§..##
#.##.....#...#.§§§§(..#
#.##.#.#.....#.§§§..#..#
....<......#.#.##§#§§....#
.##.###........#@§§#.....#
.##............#e§§§§.e..#
.######..#.....§.§§#§.
.######.......§§§#####.
..)).....##..§§§§§.....
..##########.###..[#... ...# #)#
#....... ##.# #.# #...#.#.
##.#### #.# #......


You could see Duvessa (berserk, extremely poisoned).

Vanquished Creatures
  Prince Ribbit (D:5)
  A bullfrog (D:4)
  Dowan (D:5)
  2 hounds (D:5)
  An orc priest (D:4)
  Terence (D:3)
  2 iguanas
  3 gnolls (D:5)
  8 adders
  An ufetubus (D:4)
  4 worms
  5 dart slugs
  5 orcs
  9 endoplasms
  5 giant cockroaches
  12 goblins
  5 hobgoblins
  2 jackals (D:2)
  5 quokkas
  4 ball pythons
  6 bats
  2 frilled lizards
  5 kobolds (D:1)
  5 rats
95 creatures vanquished.

Notes
Turn   | Place    | Note
-------+----------+-------------------------------------------
     0 | D:1      | browni3141 the Kobold Brigand began the quest for the Orb.
     0 | D:1      | Reached XP level 1. HP: 12/12 MP: 1/1
   129 | D:1      | Reached XP level 2. HP: 18/18 MP: 2/2
   378 | D:1      | Reached XP level 3. HP: 17/22 MP: 3/3
   866 | D:2      | Reached XP level 4. HP: 28/28 MP: 4/4
  1216 | D:2      | Learned a level 1 spell: Slow
  1654 | D:3      | Reached XP level 5. HP: 33/33 MP: 5/5
  2231 | D:3      | Noticed Terence
  2235 | D:3      | Killed Terence
  2236 | D:3      | Reached skill level 5 in Fighting
  2653 | D:4      | Reached skill level 1 in Spellcasting
  2653 | D:4      | Reached skill level 1 in Hexes
  2653 | D:4      | Reached XP level 6. HP: 40/40 MP: 7/7
  3023 | D:4      | Found an ornate altar of the Wu Jian Council.
  3057 | D:4      | Became a worshipper of the Wu Jian Council
  3699 | D:5      | Entered Level 5 of the Dungeon
  3733 | D:5      | Noticed Duvessa
  3740 | D:5      | Noticed Prince Ribbit
  3780 | D:5      | Killed Prince Ribbit
  3781 | D:5      | Reached XP level 7. HP: 16/44 MP: 10/10
  4114 | D:5      | Reached skill level 5 in Hexes
  4120 | D:5      | Reached skill level 6 in Stealth
  4124 | D:5      | Learned a level 3 spell: Confusing Touch
  4289 | D:5      | Noticed Dowan
  4311 | D:5      | Killed Dowan
  4324 | D:5      | Mangled by Duvessa

Illustrated notes

Levels and vault maps discovered:
D:1:      dpeg_arrival_round_c, layout_basic
D:2:      layout_loops_ring
D:3:      layout_basic, uniq_terence
D:4:      layout_basic, nzn_wu_jian_contemplation, serial_curves,
          eino_curves_03, eino_curves_01
D:5:      layout_loops_corners, fedhas_altar_3,
          hangedman_abyss_or_decor_lesser_grid, hangedman_decor_lopped,
          uniq_duvessa, uniq_prince_ribbit1

Skill      XL: |  1  2  3  4  5  6  7 |
---------------+----------------------+-----
Short Blades   | 3 |  3.2
Dodging        | 2 |  2.1
Fighting       | 3 4 5 |  5.0
Spellcasting   | 1 2 |  2.0
Hexes          | 1 4 5 |  5.2
Stealth        | 6 |  6.5
Throwing       | |  2.6

Action                   |  1- 3 |  4- 6 |  7- 9 || total
-------------------------+-------+-------+-------++-------
Melee: Dagger            |    54 |   146 |    62 ||   262
       Punch             |       |     2 |       ||     2
Throw: Dart              |     6 |    21 |     4 ||    31
 Cast: Slow              |       |     2 |       ||     2
       Confusing Touch   |       |       |     2 ||     2
Invok: Lunge             |       |     2 |     5 ||     7
  Use: Scroll            |       |     7 |     1 ||     8
 Stab: Sleeping          |    17 |    29 |     3 ||    49
       Confused          |       |       |     1 ||     1
Armor: Robe              |    12 |    18 |     3 ||    33
Dodge: Dodged            |    29 |    72 |    46 ||   147

Table legend: (Time is in decaauts)
 A = Elapsed time spent in this place.
 B = Non-inter-level travel time spent in this place.
 C = Inter-level travel time spent in this place.
 D = Time resting spent in this place.
 E = Time spent auto-exploring this place.
 F = Levels seen in this place.
 G = Mean time per level.
                   A        B        C        D        E       F      G
               +--------+--------+--------+--------+--------+-----+--------+
         Total |   4281 |   4193 |     88 |    104 |   3353 |   5 |  856.2 |
       Dungeon |   4281 |   4193 |     88 |    104 |   3353 |   5 |  856.2 |
               +--------+--------+--------+--------+--------+-----+--------+

Top non-repeatable levels by time:
     D:4: 1201 daAuts
     D:3: 835 daAuts
     D:2: 834 daAuts
     D:1: 795 daAuts
     D:5: 613 daAuts
